Unix NetHack Version 5.0.0-0 post-release - last build Jul 19 2026 19:10:59 (3aa4ab31751d3886436d94b585a96704892fd477,branch:main).

Game began 2026-07-20 11:40:32, ended 2026-07-20 23:13:54.

Booker, lawful male human Knight

  ------
  |....|                                    --------------
  |....|         --------------             |............|             |
  |(....########0|............|     ########..............####        ?|
  |....|       ##.......{......######       |............|   #      ??+|
  |..%.|       ##|......F.....|     ##      |............|   #    ?????|
  |.....         --------------            #-...{........|   #(#..??+??|
  ----.-      #                            #--------------       -------
    ? #      ##                            #
     ##  ##  #                           ###
     #   #####                           #
     #   #   # ------------              #
     #   #   ##...........|              #
     #   #     |......@...|       ------##
    -|---#     |.........o|       |[...|#
    |...|#     |...........####   |....-#
    |...-#     |..........|   ####.<...|
    |...|      ------------       |.....
    -----                         ------

Booker the Esquire       St:16 Dx:8 Co:12 In:7 Wi:14 Ch:17  Lawful S:388
Dlvl:4  $:0  HP:0(28) Pw:12(12) AC:3  Xp:3/52 T:1951 

Latest messages:
 The wand hits you!
 What do you want to zap? [l or ?*]
 In what direction?
 The bolt of lightning hits you!
 You are blinded by the flash!
 What do you want to drink? [jq or ?*]
 You feel better.
 You can see again.
 Clonegal zaps a wand of striking!
 The wand hits you!
 Clonegal zaps a wand of striking!
 The wand hits you!
 Clonegal hurls an effervescent potion!
 The bottle crashes on your head and breaks into shards.
 The effervescent potion evaporates.
 You feel rather tired.
 You can move again.
 What do you want to zap? [l or ?*]
 In what direction?
 The bolt of lightning hits Clonegal!
 The bolt of lightning bounces!
 Clonegal drinks a potion of healing!
 Clonegal can see again.
 Clonegal looks better.
 What do you want to zap? [l or ?*]
 In what direction?
 The bolt of lightning hits Clonegal!
 The bolt of lightning bounces!
 Clonegal hits!
 You die...
 But wait...
 Your medallion begins to glow!
 You feel much better!
 The medallion crumbles to dust!
 Clonegal hits again!
 You survived that attempt on your life.
 Clonegal swings wildly and misses!
 The iguana bites!
 The iguana just misses!
 The hobgoblin misses!
 The hobgoblin hits!
 You climb up the stairs.
 You are in full health.
 You descend the stairs.
 You miss Clonegal.
 Clonegal hits!
 Clonegal hits again!
 Clonegal hits!
 You die...
 Clonegal takes all your possessions.

Inventory:
 Weapons  (')')
  a - an uncursed corroded +1 long sword (weapon in right hand)
  b - a blessed +1 lance (alternate weapon; not wielded)
 Armor    ('[')
  d - an uncursed +0 helmet (being worn)
  f - an uncursed +0 pair of leather gloves (being worn)
  e - an uncursed +0 small shield (being worn)
  c - an uncursed +1 ring mail (being worn)
 Comestibles  ('%')
  g - 12 uncursed apples
  h - 13 uncursed carrots
  m - an uncursed food ration
  i - an uncursed tripe ration
  n - an uncursed tin of spinach
  k - an uncursed lichen corpse
 Scrolls  ('?')
  s - an uncursed scroll of enchant weapon
 Potions  ('!')
  q - an uncursed potion of booze
  j - an uncursed potion of healing
 Wands    ('/')
  l - a blessed wand of lightning (0:4)
 Tools    ('(')
  p - a cursed brass lantern

Booker the Knight's attributes:

Background:
 You were an Esquire, a level 3 male human Knight.
 You were lawful, nominally on a mission for Lugh
 who was opposed by Brigit (neutral) and Manannan Mac Lir (chaotic).
 You were right-handed.
 You were in the Dungeons of Doom, on level 4.
 You entered the dungeon 1951 turns ago.
 It was nighttime.
 You had 52 experience points, 28 more were needed to attain level 4.
 Your score was 388 before end-of-game adjustments.

Basics:
 You had 0 out of 28 hit points.
 You had all 12 energy points (spell power).
 Your armor class was 3.
 Your wallet was empty.
 Autopickup was on for '$%?!"=/' plus thrown, with exceptions.

Final Characteristics:
 Your strength was 16 (limit:18/100).
 Your dexterity was 8 (limit:18).
 Your constitution was 12 (peak:13, limit:18).
 Your intelligence was 7 (limit:18).
 Your wisdom was 14 (limit:18).
 Your charisma was 17 (limit:18).

Final Status:
 You weren't hungry.
 You were unencumbered.
 You were wielding a long sword.
 You had basic skill with long sword.

Final Attributes:
 You were devoutly aligned.
 You could jump.
 You were warded.
 You are dead (2nd time!).

Miscellaneous:
 You disabled loading and storing of bones levels.
 Total elapsed playing time was 18 minutes and 20 seconds.

Major events:
 Turn
    1: Booker the lawful male human Knight entered the dungeon
  430: entered the Gnomish Mines
 1119: attained the rank of Esquire (level 3)
 1745: averted death (killed by Mr. Clonegal; the shopkeeper)
 1951: killed by Mr. Clonegal; the shopkeeper

You didn't know any spells.

Skills:
 Fighting Skills
   bare handed combat [Unskilled]
   two weapon combat  [Unskilled]
   riding             [Basic]
 Weapon Skills
   dagger             [Unskilled]
   knife              [Unskilled]
   axe                [Unskilled]
   pick-axe           [Unskilled]
   short sword        [Unskilled]
   broadsword         [Unskilled]
   long sword         [Basic]
   two-handed sword   [Unskilled]
   saber              [Unskilled]
   club               [Unskilled]
   mace               [Unskilled]
   morning star       [Unskilled]
   flail              [Unskilled]
   hammer             [Unskilled]
   polearms           [Unskilled]
   spear              [Unskilled]
   trident            [Unskilled]
   lance              [Basic]
   bow                [Unskilled]
   crossbow           [Unskilled]
 Spellcasting Skills
   attack spells      [Unskilled]
   healing spells     [Unskilled]
   clerical spells    [Unskilled]

Voluntary challenges:
 Character rerolling was not enabled.
 You were an atheist.
 You were illiterate.
 You never genocided any monsters.
 You never polymorphed an object.
 You never changed form.
 You used no wishes.
Achievements:
 You entered the Gnomish Mines.
 You entered a shop.
 You attained the rank of Esquire.

 The Dungeons of Doom: levels 1 to 4
    Level 1:
       Some fountains.
    Level 2:
       A general store.
       Stairs down to The Gnomish Mines.
    Level 3:
       Some fountains.
    Level 4: <- You were here.
       Some fountains.
       Final resting place for
          you, killed by Mr. Clonegal; the shopkeeper.
 The Gnomish Mines:
    Level 3:


Vanquished creatures:
  a pony
  a shrieker
  a cave spider
  a green mold
  a gnome
  a gnome zombie
  a jackal
  2 kobolds
  a goblin
  a grid bug
  7 lichens
  5 newts
23 creatures vanquished.

No species were genocided or became extinct.

Game over:
                       ----------
                      /          \
                     /    REST    \
                    /      IN      \
                   /     PEACE      \
                  /                  \
                  |      Booker      |
                  |       0 Au       |
                  |  killed by Mr.   |
                  |  Clonegal; the   |
                  |    shopkeeper    |
                  |                  |
                  |       2026       |
                 *|     *  *  *      | *
        _________)/\\_//(\/(/\)/\//\/|_)_______

Fare thee well Booker the Knight...

You died in The Dungeons of Doom on dungeon level 4 with 388 points,
and 0 pieces of gold, after 1951 moves.
You were level 3 with a maximum of 28 hit points when you died.

